 Dungeon Crawl Stone Soup version 0.28-a0-872-g80cf8599ee (webtiles) character file.

Game seed: 3995653719118517272

11085 lorenzova the Thaumaturge (level 11, -17/54 HPs)
             Began as a Deep Elf Conjurer on Nov 20, 2021.
             Was a Believer of Vehumet.
             Killed by the air
             ... invoked by Gastronok
              (20 damage)
             ... on level 11 of the Dungeon.
             The game lasted 00:31:15 (15603 turns).

lorenzova the Thaumaturge (Deep Elf Conjurer)      Turns: 15603, Time: 00:31:15

Health: -17/54     AC: 11    Str:  4    XL:     11   Next: 44%
Magic:  19/30      EV: 12    Int: 27    God:    Vehumet [**....]
Gold:   464        SH:  0    Dex: 13    Spells: 13/36 levels left

rFire   + . .      SeeInvis .   s - staff of conjuration
rCold   + . .      Faith    .   (no shield)
rNeg    . . .      Spirit   .   x - +2 robe {rF+}
rPois   .          Reflect  .   I - +2 helmet
rElec   .          Harm     .   C - +2 cloak
rCorr   +          Rampage  .   (no gloves)
Will    +....                   h - +0 pair of boots
Stlth   ++........              (no amulet)
HPRegen 0.18/turn               B - ring of protection from cold
MPRegen 0.22/turn               D - ring of resist corrosion

@: swift (expiring), marked, quick
A: no striking features
a: Renounce Religion


You were on level 11 of the Dungeon.
You worshipped Vehumet.
Vehumet was pleased with you.
You visited 2 branches of the dungeon, and saw 13 of its levels.

You collected 464 gold pieces.

Inventory:

Hand Weapons
 p - a +2 short sword of venom
 G - the +9 staff of Olgreb {rPois∞}
   (You found it on level 8 of the Dungeon)

   If the wielder is skilled in Evocations, they can envenom those struck by it,
   dealing poison damage which bypasses armour.
   It enhances your poison magic.
   It grants immunity to poison.
   It can be evoked to radiate toxic energy, with effectiveness depending on
   Evocations skill.
Armour
 h - a +0 pair of boots (worn)
 x - a +2 robe of fire resistance (worn)
 C - a +2 cloak (worn)
 F - a +2 robe of cold resistance
 I - a +2 helmet (worn)
 J - the +0 robe of Courage {Dex+4}
   (You found it on level 10 of the Dungeon)

   Dex:       It affects your dexterity (+4).
Magical Staves
 s - a staff of conjuration (weapon)
Jewellery
 B - a ring of protection from cold (left hand)
 D - a ring of resist corrosion (right hand)
 K - a ring of poison resistance
Wands
 a - a wand of flame (32)
 v - a wand of acid (22)
 A - a wand of digging (7)
Scrolls
 c - 2 scrolls of fog
 f - a scroll of brand weapon {unknown}
 i - a scroll of fear {unknown}
 j - 2 scrolls of identify
 k - a scroll of holy word {unknown}
 m - 2 scrolls of amnesia {unknown}
 q - a scroll of enchant weapon {unknown}
 t - a scroll of magic mapping
 u - 2 scrolls of immolation {unknown}
 y - a scroll of vulnerability {unknown}
 H - a scroll of noise {unknown}
Potions
 b - a potion of cancellation
 d - 3 potions of lignification
 g - a potion of magic
 l - 3 potions of heal wounds
 n - a potion of invisibility {unknown}
 o - a potion of attraction {unknown}
 r - a potion of brilliance {unknown}
 w - a potion of berserk rage {unknown}
 z - a potion of might
 E - 2 potions of curing


   Skills:
 - Level 2.4 Dodging
 - Level 2.4 Stealth
 * Level 13.2 Spellcasting
 * Level 11.7 Conjurations
 + Level 8.4 Hexes
 - Level 6.0 Translocations
 * Level 6.0 Fire Magic
 * Level 5.4 Air Magic


You had 13 spell levels left.
You knew the following spells:

 Your Spells              Type           Power      Damage    Failure   Level
a - Magic Dart            Conj           100%       1d8       1%          1
b - Searing Ray           Conj           100%       2d8       1%          2
c - Iskenderun's Mystic   Conj/Tloc      78%        2d16      1%          4
d - Fulminant Prism       Conj/Hex       41%        3d20      1%          4
k - Swiftness             Air            47%        N/A       1%          3
s - Sticky Flame          Conj/Fire      78%        2d9       1%          4
z - Iskenderun's Battles  Conj           89%        2d14      1%          5

Your spell library contained the following spells:

 Spells                   Type           Power      Damage    Failure   Level
 Shock                    Conj/Air       100%       1d9       1%          1
 Static Discharge         Conj/Air       77%        N/A       1%          2
 Dazzling Flash           Conj/Hex       100%       N/A       1%          3
 Gell's Gravitas          Tloc           50%        N/A       1%          3
 Teleport Other           Tloc           50%        N/A       1%          3
 Passwall                 Tmut/Erth      14%        N/A       4%          2
 Dispel Undead            Necr           17%        3d10      30%         4
 Dispersal                Tloc           25%        N/A       38%         6
 Iron Shot                Conj/Erth      32%        9d7       38%         6
 Spellforged Servitor     Conj/Summ      32%        N/A       93%         7


Dungeon Overview and Level Annotations

Branches:
Dungeon (12/15)            Temple (1/1) D:7            Lair (0/6) D:10
    Orc (0/2) D:9

Altars:
Ashenzari
Cheibriados
Dithmenos
Elyvilon
Fedhas
Gozag
Hepliaklqana
Okawaru
Qazlal
Ru
Sif Muna
Trog
Uskayaw
Vehumet
Wu Jian
Xom
Yredelemnul
Zin
The Shining One

Shops:
D:6 =

Annotations:
D:9 exclusion: door
D:11 Gastronok, Harold


Message History

The centaur shoots an arrow.
The arrow hits you but does no damage.
A yak comes into view. x2
Unknown command.
You shred the net and break free!
A yak comes into view.
There are monsters nearby!
Unknown command.
A yak comes into view. x2
Unknown command.
A yak comes into view.
Casting: Swiftness (safe; 1% risk of failure)
Confirm with . or Enter, or press ? or * to list all spells.
You feel a surge of power!
You erupt in a blast of force!
The mystic blast hits Harold!
Harold is lightly wounded.
Harold is knocked back by the mystic blast.
Harold collides with the centaur!
The mystic blast hits the yak.
The yak is lightly wounded.
The yak is knocked back by the mystic blast.
The yak collides with Gastronok!
The mystic blast hits the yak!
The yak is heavily wounded.
The yak is knocked back by the mystic blast.
The mystic blast hits the yak.
The yak is lightly wounded.
The yak is knocked back by the mystic blast.
You start to feel a little slower.
The kobold demonologist gestures wildly while chanting.
Unknown command.
Harold says, "Do you have any idea what people are willing to pay to have you killed, lorenzova?"
The centaur shoots an arrow.
The arrow closely misses you.
The arrow barely misses the yak.
The arrow hits the yak!
The yak gores you.
* * * LOW HITPOINT WARNING * * *
There is a stone staircase leading up here.
You can't go down here!
The centaur shoots an arrow.
The arrow barely misses you.
The arrow hits the yak.
The yak completely misses you. The yak gores you but does no damage.
Gastronok waves his eye-stalks in wide circles.
The air twists around and strikes you!!
You die...

###..... *** ##....... **,**
##### ####........ *,,,*
##.#.####.###.......
**,##**#.....*#...##.......
******,#..###.#.###..###.......
*,,,,,,......................(.
*,,,,,,......Y..!.........°....
*,,,,,,.....YY@.@c.............
**,,,,,,......YYY...............
**,,,,,,,....YYYY....5...........
*,*,,,,,,.....w......5...........
,,,,,,,,,...........5....?.......
,,*,,,,,,.............K..........
,,*,,,,,,........................
,***,,,,,....###.........#..>>{..
***,,,*,,,,,****,,,,,,,,,#.......


You could see Gastronok, Harold, a kobold demonologist, 10 yaks, a centaur, 2
shadow imps and an ufetubus (summoned).

Vanquished Creatures
  A hydra (D:10)
  Erica (D:10)
  A two-headed ogre (D:9)
  Pikel (D:8)
  Maurice (D:10)
  Joseph (D:8)
  Maggie (D:6)
  An unseen horror (D:11)
  2 hornets
  A troll (D:10)
  Prince Ribbit (D:6)
  Grinder (D:5)
  Sigmund (D:2)
  A redback (D:8)
  3 wyverns
  5 yaks (D:8)
  Eustachio (D:6)
  Edmund (D:4)
  2 acid dragons
  6 water moccasins
  Duvessa (D:3)
  6 orc warriors
  3 sky beasts
  A hornet zombie (D:6)
  A black bear (D:6)
  2 ogres
  2 necrophages (D:6)
  3 centaurs
  A phantom (D:4)
  4 lemures (D:8)
  2 bullfrogs (D:8)
  7 scorpions (D:8)
  Dowan (D:4)
  8 killer bees (D:8)
  A howler monkey (D:9)
  2 centaur zombies (D:5)
  10 orc priests
  Crazy Yiuf (D:4)
  4 hounds
  4 jellies
  A gnoll shaman (D:9)
  Ijyb (D:4)
  Terence (D:2)
  2 iguanas
  10 orc wizards
  2 killer bee zombies
  A howler monkey zombie (D:9)
  4 adders
  7 gnolls
  A howler monkey skeleton (D:4)
  A white imp (D:6)
  3 ufetubi
  2 worms (D:2)
  6 dart slugs
  43 orcs
  6 ball pythons
  5 endoplasms
  3 giant cockroaches
  4 goblins
  7 hobgoblins
  8 jackals
  7 quokkas
  2 bats
  5 frilled lizards (D:1)
  7 kobolds
  6 rats
242 creatures vanquished.

Vanquished Creatures (others)
  32 fulminant prisms
32 creatures vanquished.

Grand Total: 274 creatures vanquished

Notes
Turn   | Place    | Note
-------+----------+-------------------------------------------
     0 | D:1      | lorenzova the Deep Elf Conjurer began the quest for the
                  | Orb.
     0 | D:1      | Reached XP level 1. HP: 10/10 MP: 6/6
   147 | D:1      | Noticed a floating eye
   180 | D:1      | Found a faded altar of an unknown god.
   184 | D:1      | Reached XP level 2. HP: 15/15 MP: 3/8
   230 | D:1      | Learned a level 2 spell: Searing Ray
   285 | D:1      | Noticed an eye of devastation
   308 | D:1      | Noticed a great orb of eyes
   629 | D:1      | Reached skill level 4 in Spellcasting
   728 | D:1      | Reached XP level 3. HP: 19/19 MP: 5/10
   839 | D:1      | Noticed a floating eye
   933 | D:1      | Reached skill level 5 in Conjurations
  1739 | D:2      | Reached XP level 4. HP: 24/24 MP: 2/12
  2096 | D:2      | Noticed Sigmund
  2130 | D:2      | Reached skill level 5 in Spellcasting
  2216 | D:2      | Noticed Terence
  3591 | D:3      | Learned a level 4 spell: Iskenderun's Mystic Blast
  3596 | D:3      | Learned a level 4 spell: Fulminant Prism
  3661 | D:4      | Reached XP level 5. HP: 28/28 MP: 5/15
  3828 | D:4      | Noticed Edmund
  3954 | D:4      | Found a runed translucent door.
  3955 | D:4      | Noticed Crazy Yiuf
  3979 | D:4      | Reached skill level 1 in Hexes
  4081 | D:4      | Reached skill level 1 in Translocations
  4181 | D:4      | Reached skill level 6 in Spellcasting
  4256 | D:4      | Noticed Ijyb
  4263 | D:4      | Killed Ijyb
  4264 | D:4      | Reached XP level 6. HP: 19/32 MP: 7/17
  4406 | D:4      | Noticed Duvessa
  4560 | D:5      | Entered Level 5 of the Dungeon
  5027 | D:4      | Noticed Dowan
  5414 | D:5      | Noticed Grinder
  5740 | D:6      | Reached skill level 7 in Spellcasting
  5740 | D:6      | Reached XP level 7. HP: 14/36 MP: 8/19
  5939 | D:6      | Identified the +3 chain mail "Soibrakh" {rPois}
  6149 | D:6      | Found an opulent altar of Gozag.
  6191 | D:6      | Found Joig's Jewellery Shoppe.
  6287 | D:6      | Noticed Eustachio
  6306 | D:6      | Killed Eustachio
  6426 | D:6      | Reached skill level 8 in Spellcasting
  6426 | D:6      | Reached XP level 8. HP: 41/41 MP: 17/22
  6972 | D:6      | Noticed Maggie
  7301 | D:4      | Killed Dowan
  7883 | D:4      | Killed Edmund
  7884 | D:4      | Reached skill level 9 in Spellcasting
  8064 | D:4      | Killed Crazy Yiuf
  8230 | D:5      | Killed Grinder
  8231 | D:5      | Reached skill level 5 in Hexes
  8496 | D:2      | Killed Sigmund
  8579 | D:2      | Killed Terence
  9383 | D:3      | Killed Duvessa
  9384 | D:3      | Reached XP level 9. HP: 45/45 MP: 9/24
  9686 | D:6      | Noticed Prince Ribbit
  9696 | D:6      | Killed Prince Ribbit
  9697 | D:6      | Reached skill level 10 in Spellcasting
  9788 | D:6      | Killed Maggie
 10104 | D:7      | Reached skill level 5 in Translocations
 10170 | D:7      | Found a staircase to the Ecumenical Temple.
 10187 | Temple   | Entered the Ecumenical Temple
 10266 | Temple   | Became a worshipper of Vehumet
 11134 | D:7      | Reached skill level 11 in Spellcasting
 11134 | D:7      | Reached skill level 10 in Conjurations
 11496 | D:7      | Learned a level 5 spell: Iskenderun's Battlesphere
 11501 | D:7      | Learned a level 4 spell: Sticky Flame
 11505 | D:7      | Learned a level 3 spell: Swiftness
 11663 | D:8      | Found the +9 staff of Olgreb {rPois∞}
 11677 | D:8      | Found a runed translucent gate.
 11677 | D:8      | Found a runed translucent gate.
 11680 | D:8      | Found a runed translucent door.
 11691 | D:8      | Found a runed translucent gate.
 11710 | D:8      | Found a runed translucent door.
 11851 | D:8      | Noticed Joseph
 11861 | D:8      | Killed Joseph
 11862 | D:8      | Reached skill level 1 in Fire Magic
 11862 | D:8      | Reached skill level 1 in Air Magic
 11869 | D:8      | Reached XP level 10. HP: 20/50 MP: 14/27
 12556 | D:8      | Noticed Pikel
 12562 | D:8      | Killed Pikel
 13067 | D:8      | Reached skill level 12 in Spellcasting
 13068 | D:8      | Reached * piety under Vehumet
 13068 | D:8      | Offered knowledge of Freeze by Vehumet.
 14037 | D:9      | Noticed a boulder beetle
 14107 | D:9      | Noticed a two-headed ogre
 14117 | D:9      | Killed a two-headed ogre
 14118 | D:9      | Reached XP level 11. HP: 54/54 MP: 15/29
 14263 | D:9      | Reached skill level 5 in Fire Magic
 14538 | D:9      | Reached ** piety under Vehumet
 14545 | D:9      | Offered knowledge of Shock by Vehumet.
 14698 | D:9      | Found a staircase to the Orcish Mines.
 14779 | D:10     | Entered Level 10 of the Dungeon
 15032 | D:10     | Noticed Maurice
 15038 | D:10     | Found a staircase to the Lair.
 15043 | D:10     | Killed Maurice
 15047 | D:10     | Noticed Erica
 15053 | D:10     | Killed Erica
 15054 | D:10     | Reached skill level 5 in Air Magic
 15075 | D:10     | Noticed a seven-headed hydra
 15082 | D:10     | Killed a seven-headed hydra
 15083 | D:10     | Reached skill level 13 in Spellcasting
 15413 | D:10     | Identified the +0 robe of Courage {Dex+4}
 15505 | D:10     | You fall into a shaft and drop 2 floors!
 15542 | D:11     | Noticed Harold
 15594 | D:11     | HP: 2/54 [centaur/arrow (6)]
 15596 | D:11     | Noticed Gastronok
 15602 | D:11     | HP: 2/54 [yak (1)]
 15603 | D:11     | Killed from afar by Gastronok

Illustrated notes

Levels and vault maps discovered:
D:1:      dpeg_cavernosity, layout_loops_ring,
          hellmonk_ecumenical_altar_watching_god, grunt_decor_resistance
D:2:      layout_loops_ring, serial_rivers, chequers_serial_rivers_large_a,
          chequers_serial_rivers_micro_a, chequers_serial_rivers_small_a,
          chequers_serial_rivers_micro_a, chequers_serial_rivers_marsh,
          minmay_tree_intersection, uniq_terence, uniq_sigmund
D:3:      layout_basic
D:4:      layout_rooms, uniq_edmund, uniq_crazy_yiuf_cottage, uniq_duvessa,
          uniq_ijyb
D:5:      layout_gridville, uniq_grinder
D:6:      layout_loops_ring, nicolae_gozag_cash_rules_everything_around_me,
          serial_shops, shop, st_stairs_12, bh_walls_and_bars, uniq_maggie,
          uniq_eustachio, uniq_prince_ribbit1
D:7:      layout_loops_ring, minmay_temple_entry_steel_oval,
          kennysheep_generic_room_4
D:8:      layout_layer_cave, minmay_guarded_unrand_staff_of_olgreb, uniq_pikel,
          uniq_joseph
D:9:      layout_cave_pools, erik_orc_2, kennysheep_just_a_vault
D:10:     layout_irregular_city, lair_entry_dummy, uniq_maurice, uniq_erica
D:11:     layout_cross, uniq_harold, uniq_gastronok
D:12:     layout_irregular_city, serial_column_ruins, column_ruins_pillar_3,
          column_ruins_pillar_2, column_ruins_pillar_3, column_ruins_pillar_7,
          column_ruins_pillar_2, column_ruins_pillar_4, column_ruins_pillar_1,
          column_ruins_pillar_2, column_ruins_pillar_5, column_ruins_pillar_3,
          column_ruins_pillar_7, column_ruins_pillar_2, column_ruins_pillar_10,
          column_ruins_pillar_11, column_ruins_pillar_1, serial_shops,
          nicolae_shop_trees, lemuel_blue_sif_altar
Temple:   grunt_wide_crystal_templ

Skill      XL: |  1  2  3  4  5  6  7  8  9 10 11 |
---------------+----------------------------------+-----
Spellcasting   | 4 5 6 7 8 9 11 12 13 | 13.2
Conjurations   | 5 6 7 9 10 11 | 11.7
Hexes          | 1 2 3 5 6 7 8 |  8.4
Translocations | 1 2 3 4 5 6 |  6.0
Fire Magic     | 1 4 6 |  6.0
Air Magic      | 1 4 5 |  5.4
Dodging        | |  2.4
Stealth        | |  2.4

Action                   |  1- 3 |  4- 6 |  7- 9 | 10-12 || total
-------------------------+-------+-------+-------+-------++-------
Melee: Unarmed           |       |     1 |       |       ||     1
 Cast: Magic Dart        |    89 |   106 |    56 |   114 ||   365
       Searing Ray       |     1 |    23 |    37 |       ||    61
       Fulminant Prism   |       |       |    19 |    13 ||    32
       Iskenderun's Myst |       |       |    17 |    17 ||    34
       Iskenderun's Batt |       |       |     4 |    29 ||    33
       Sticky Flame      |       |       |       |     1 ||     1
       Swiftness         |       |       |       |     1 ||     1
  Use: Scroll            |       |       |     2 |    12 ||    14
Armor: Robe              |     1 |    12 |     9 |    17 ||    39
Dodge: Dodged            |     6 |    26 |    20 |    12 ||    64

Table legend: (Time is in decaauts)
 A = Elapsed time spent in this place.
 B = Non-inter-level travel time spent in this place.
 C = Inter-level travel time spent in this place.
 D = Time resting spent in this place.
 E = Time spent auto-exploring this place.
 F = Levels seen in this place.
 G = Mean time per level.
                   A        B        C        D        E       F      G
               +--------+--------+--------+--------+--------+-----+--------+
         Total |  15646 |  14645 |   1001 |   6496 |   5904 |  13 | 1203.5 |
       Dungeon |  15558 |  14565 |    993 |   6496 |   5842 |  12 | 1296.5 |
        Temple |     88 |     80 |      8 |      0 |     62 |   1 |   88.0 |
               +--------+--------+--------+--------+--------+-----+--------+

Top non-repeatable levels by time:
     D:8: 2116 daAuts
     D:6: 1936 daAuts
     D:3: 1817 daAuts
     D:1: 1773 daAuts
     D:4: 1691 daAuts
     D:2: 1468 daAuts
     D:5: 1428 daAuts
     D:7: 1350 daAuts
     D:9: 1147 daAuts
    D:10: 725 daAuts
  Temple: 88 daAuts
    D:11: 66 daAuts
    D:12: 36 daAuts
